 Dungeon Crawl Stone Soup version 0.21-a0-243-g597973d (webtiles) character file.

4 Jeffwins the Insei (level 1, 13/15 HPs)
             Began as a Gnoll Transmuter on Sept 4, 2017.
             Quit the game on level 1 of the Dungeon.
             The game lasted 00:00:24 (122 turns).

Jeffwins the Insei (Gnoll Transmuter)                Turns: 122, Time: 00:00:25

Health: 13/15      AC:  2    Str:  7    XL:     1   Next: 70%
Magic:  4/4        EV: 12    Int:  7    God:
Gold:   0          SH:  0    Dex:  7    Spells: 5/6 levels left

rFire    . . .     SeeInvis .     - Unarmed
rCold    . . .     Gourm    .   (no shield)
rNeg     . . .     Faith    .   b - +0 robe
rPois    .         Spirit   .   (no helmet)
rElec    .         Reflect  .   (no cloak)
rCorr    .         Harm     .   (no gloves)
MR       .....                  (no boots)
Stlth    +.........             (no amulet)
HPRegen  0.05/turn              g - ring of flight
MPRegen  0.09/turn              (no ring)

@: no status effects
A: unchanging attributes, fangs 1, strong nose
a: Evoke Flight


You were on level 1 of the Dungeon.
You were not hungry.

You visited 1 branch of the dungeon, and saw 1 of its levels.

Inventory:

Missiles
 a - 30 arrows
Armour
 b - a +0 robe (worn)
Jewellery
 g - a ring of flight (left hand)
Scrolls
 e - 2 scrolls of identify {unknown}
Potions
 f - a potion of lignification {unknown}
Books
 c - a book of Changes

   Spells                             Type                      Level
   a - Beastly Appendage              Transmutation                1
   b - Sticks to Snakes               Transmutation                2
   c - Spider Form                    Transmutation/Poison         3
   d - Ice Form                       Ice/Transmutation            4
   e - Blade Hands                    Transmutation                5
Comestibles
 d - a bread ration


   Skills:
 + Level 1.5 Fighting
 + Level 3.0 Dodging
 * Level 4.1 Unarmed Combat
 - Level 3.0 Spellcasting
 + Level 2.8 Transmutations


You had 5 spell levels left.
You knew the following spells:

 Your Spells              Type           Power        Failure   Level  Hunger
a - Beastly Appendage     Tmut           #.....       11%         1    ##.....


Dungeon Overview and Level Annotations

Branches:
Dungeon (1/15)

Altars:


Innate Abilities, Weirdness & Mutations

Your physical attributes are unchanging.
You have very sharp teeth.
Your uncanny sense of smell can sniff out nearby items.


Message History

Found a stone staircase leading down.
A hobgoblin is nearby!
Put on which piece of jewellery? (? for menu, Esc to quit)
g - a ring of flight (left hand)
You hit the hobgoblin.
The hobgoblin is moderately wounded.
The hobgoblin closely misses you.
You barely miss the hobgoblin.
The hobgoblin is moderately wounded.
You barely miss the hobgoblin.
The hobgoblin is moderately wounded.
The hobgoblin closely misses you.
You hit the hobgoblin.
You kill the hobgoblin!
No target in view!
No target in view!
Saving game... please wait.
Welcome back, Jeffwins the Gnoll Transmuter.
Press ? for a list of commands and other information.
Are you sure you want to abandon this character and quit the game? (Confirm with "yes".)

#.#...#.#
#.......###.. ..
#####........# ...
#......#####.##.#
#.###..##....... .
##.#.......#....>.
........####..#.#.#
##......####†......
####.#....@.......
#..)#####.#...##
#.#.# ... #..
#...### ....#
#.....# ##...#
#.....# .....
#.....# ....
#.....# ....
#.....#


There were no monsters in sight!

Vanquished Creatures
  A giant cockroach (D:1)
  2 hobgoblins (D:1)
  A bat (D:1)
4 creatures vanquished.

Notes
Turn   | Place    | Note
-------+----------+-------------------------------------------
     0 | D:1      | Jeffwins the Gnoll Transmuter began the quest for the Orb.
     0 | D:1      | Reached XP level 1. HP: 15/15 MP: 4/4
   122 | D:1      | Quit the game

Vault maps used:
D:1:      dpeg_arrival_three_smaller_balls, corexii_item_surrounded_by_moat,
          minmay_curled_crystal

Skill      XL: |  1 |
---------------+----+-----
Dodging        | 3 |  3.0
Fighting       | |  1.5
Unarmed Combat | |  4.1
Spellcasting   | |  3.0
Transmutations | |  2.8

Action                   || total
-------------------------++-------
Melee: Unarmed           ||    19
Armor: Robe              ||     6
Dodge: Dodged            ||    10

Table legend:
 A = Spawn XP
 B = Non-spawn XP
 C = Spawn XP percentage of total XP
 D = Spawn monster count
 E = Non-spawn monster count
 F = Spawn count percentage of total count
 G = Total turns spent on level
                    A         B        C        D         E        F      G
               +---------+---------+-------+---------+---------+-------+---------
         Total |       0 |       7 |   0.0 |       0 |       4 |   0.0 |   122
               +---------+---------+-------+---------+---------+-------+---------
           D:1 |       0 |       7 |   0.0 |       0 |       4 |   0.0 |   122
               +---------+---------+-------+---------+---------+-------+---------
